 Dungeon Crawl Stone Soup version 0.17.0-24-gcfadda4 (webtiles) character file.

452 HungrySpirit the Cudgeler (level 7, -1/43 HPs)
             Began as a Gargoyle Summoner on Nov 17, 2015.
             Killed from afar by an orc wizard (9 damage)
             ... with a puff of flame
             ... on level 4 of the Dungeon.
             The game lasted 00:06:51 (3945 turns).

HungrySpirit the Cudgeler (Gargoyle Summoner)       Turns: 3945, Time: 00:06:53

Health: -1/43      AC: 15    Str: 13    XL:     7   Next: 5%
Magic:  10/10      EV:  6    Int: 16    God:
Gold:   193        SH:  0    Dex: 10    Spells: 1 memorised, 9 levels left

rFire  . . .     SeeInvis .     y - +0 flail
rCold  . . .     Clarity  .     s - +0 chain mail
rNeg   + . .     SustAt   .     (no shield)
rPois  ∞         Gourm    .     (no helmet)
rElec  +         Spirit   .     u - +0 cloak
rCorr  .         Warding  .     (no gloves)
rMut   .         Stasis   .     p - +0 pair of boots
MR     .....                    w - amulet of faith
Stlth  ..........               (no ring)
                                m - ring of stealth

@: confused, not resistant to hostile enchantments, extremely unstealthy
A: negative energy resistance 1, electricity resistance, unbreathing,
petrification resistance, rot immunity, AC +4
a: no special abilities


You were on level 4 of the Dungeon.
You were not hungry.

You visited 1 branch of the dungeon, and saw 4 of its levels.

You collected 193 gold pieces.

Inventory:

Hand Weapons
 n - a +1 short sword of flaming
 y - a +0 flail (weapon)
Missiles
 e - 13 poisoned needles
Armour
 i - a +0 leather armour
 p - a +0 pair of boots (worn)
 s - a +0 chain mail (worn)
 u - a +0 cloak (worn)
Jewellery
 m - a ring of stealth (left hand)
 w - an amulet of faith (around neck)
Wands
 x - a wand of flame (32)
Scrolls
 a - 2 scrolls of blinking {unknown}
 d - 2 scrolls of random uselessness {unknown}
 g - 2 scrolls of fear {unknown}
 j - 2 scrolls of remove curse {unknown}
 l - a scroll of magic mapping {unknown}
 o - 2 scrolls of identify {unknown}
 B - a scroll of enchant weapon {unknown}
Potions
 h - a potion of brilliance {unknown}
 k - a potion of agility {unknown}
 r - a potion of heal wounds {unknown}
 v - a potion of flight {unknown}
 z - a potion of curing {unknown}
Books
 b - a book of Callings

   Spells                             Type                      Level
   a - Summon Small Mammal            Summoning                    1
   b - Call Imp                       Summoning                    2
   c - Call Canine Familiar           Summoning                    3
   d - Summon Guardian Golem          Hexes/Summoning              3
   e - Summon Lightning Spire         Summoning/Air                4
   f - Summon Ice Beast               Ice/Summoning                4
Comestibles
 c - 4 bread rations
 f - a meat ration
 t - 4 fruits
 A - a chunk of flesh


   Skills:
 + Level 4.2 Fighting
 * Level 5.5 Maces & Flails
 - Level 0.4 Armour
 - Level 1.5 Dodging
 - Level 2.1 Stealth
 - Level 2.0 Spellcasting
 - Level 3.6 Summonings


You had 9 spell levels left.
You knew the following spells:

 Your Spells              Type           Power        Failure   Level  Hunger
a - Summon Small Mammal   Summ           ##..         99%         1    #......


Dungeon Overview and Level Annotations

Branches:
Dungeon (4/15)
 Temple: D:4-7

Altars:
Makhleb
Sif Muna
Vehumet

Annotations:
D:4 ConnectionFaild's ghost, amateur DDNe


Innate Abilities, Weirdness & Mutations

You are resistant to torment.
Your stone body is resilient (AC +4).
You are immune to poison.
You resist negative energy.
You are resistant to electric shocks.
You can survive without breathing.
You are immune to petrification.
You are immune to rotting.


Message History

Something hits you but does no damage.
You miss something. Something hits you but does no damage.
You hit something. Something hits you but does no damage.
Your chain mail prevents you from hitting something.
Something hits you but does no damage. x2
You miss something. Something hits you but does no damage.
You closely miss something.
You hear some strange, mumbled words.
A puff of flame appears from out of thin air!
The puff of flame hits you!
* * * LOW HITPOINT WARNING * * *
Something hits you but does no damage.
Drink which item? (? for menu, Esc to quit)
It was a potion of ambrosia.
You are confused.
You feel invigorated. Something hits you but does no damage.
You hear some strange, mumbled words.
A puff of flame appears from out of thin air!
The puff of flame hits you!
You die...

......# ##.....<# .......
#.......## %......
#........# .......##
#........## ........##
#.........####
....ooo..###.............
#......#o................
##.....#{###........<####
###..o#@# #.........# ##
###.#.# #.........# .###
###.# #........## ...###
#.# ##.......# .....##
#.# #.......# ......##
..# ....... .......## .##
#...... ........## .
#........######.


You could see an orc.

Vanquished Creatures
  A centaur (D:3)
  A scorpion (D:4)
  5 orc wizards
  A hound (D:3)
  6 adders
  4 oozes
  9 orcs (D:3)
  10 bats
  2 giant cockroaches
  6 hobgoblins
  6 kobolds
  2 quokkas (D:3)
  2 ball pythons
  2 giant newts
  4 goblins
  7 jackals (D:2)
  7 rats
75 creatures vanquished.

Vanquished Creatures (collateral kills)
  A worm (D:2)
  2 hobgoblins (D:1)
  A bat (D:2)
4 creatures vanquished.

Grand Total: 79 creatures vanquished

Notes
Turn   | Place    | Note
--------------------------------------------------------------
     0 | D:1      | HungrySpirit the Gargoyle Summoner began the quest for the Orb.
     0 | D:1      | Reached XP level 1. HP: 10/10 MP: 3/3
   339 | D:1      | Reached skill level 1 in Maces & Flails
   348 | D:1      | Reached XP level 2. HP: 4/16 MP: 1/5
   686 | D:1      | Reached skill level 1 in Fighting
  1329 | D:2      | Found a deep blue altar of Sif Muna.
  1479 | D:2      | Reached XP level 3. HP: 17/20 MP: 6/6
  1983 | D:2      | Reached XP level 4. HP: 17/26 MP: 7/7
  2788 | D:3      | Reached XP level 5. HP: 17/32 MP: 8/8
  2998 | D:3      | Reached skill level 4 in Maces & Flails
  3142 | D:3      | Reached XP level 6. HP: 35/37 MP: 9/9
  3383 | D:3      | Found a radiant altar of Vehumet.
  3428 | D:3      | Found a burning altar of Makhleb.
  3438 | D:3      | Reached skill level 5 in Maces & Flails
  3818 | D:4      | Noticed ConnectionFaild's ghost (amateur DDNe)
  3900 | D:4      | Reached XP level 7. HP: 43/43 MP: 10/10
  3945 | D:4      | Killed from afar by an orc wizard

Action                   |  1- 3 |  4- 6 |  7- 9 || total
-------------------------+-------+-------+-------++-------
Melee: Club              |    65 |       |       ||    65
       Unarmed           |    10 |       |       ||    10
       Short sword       |    60 |   164 |       ||   224
       Flail             |       |   112 |    44 ||   156
 Cast: Summon Small Mamm |     8 |       |       ||     8
  Use: Potion            |       |       |     1 ||     1
 Stab: Sleeping          |     3 |       |       ||     3
  Eat: Chunk             |     3 |     6 |       ||     9
       Beef jerky        |       |     1 |       ||     1
